 Dungeon Crawl Stone Soup version 0.26-b1-32-g5d43845318 (webtiles) character file.

Game seed: 1966841400453387045

3724 Azzok the Cleaver (level 9, -7/72 HPs)
             Began as a Demonspawn Berserker on Jan 11, 2021.
             Was a High Priest of Trog.
             Mangled by Gastronok (24 damage)
             ... on level 8 of the Dungeon.
             The game lasted 00:09:40 (9677 turns).

Azzok the Cleaver (Demonspawn Berserker)            Turns: 9677, Time: 00:09:42

Health: -7/72      AC: 15    Str: 21    XL:     9   Next: 92%
Magic:  9/9        EV:  6    Int:  8    God:    Trog [*****.]
Gold:   442        SH: 11    Dex: 21    Spells: 8/8 levels left

rFire    . . .     SeeInvis .   p - +2 flail (venom)
rCold    . . .     Faith    .   y - +0 kite shield
rNeg     . . .     Spirit   .   E - +0 plate armour
rPois    .         Reflect  .   (helmet restricted)
rElec    .         Harm     .   m - +0 cloak
rCorr    .         Rampage  .   (no gloves)
Will     +++..                  d - +0 pair of boots
Stlth    ..........             k - amulet of the acrobat
HPRegen  1.22/turn              A - +6 ring of dexterity
MPRegen  0.11/turn              O - ring of willpower

@: berserk cooldown, regenerating, slowed, very slow
A: horns 1, thin skeletal structure 1
a: Renounce Religion, Berserk, Trog's Hand, Brothers in Arms


You were on level 8 of the Dungeon.
You worshipped Trog.
Trog was extremely pleased with you.
You visited 1 branch of the dungeon, and saw 8 of its levels.
You also visited: Ossuary.

You collected 442 gold pieces.

Inventory:

Hand Weapons
 n - a +0 war axe
 p - a +2 flail of venom (weapon)
Armour
 d - a +0 pair of boots (worn)
 m - a +0 cloak (worn)
 y - a +0 kite shield (worn)
 E - a +0 plate armour (worn)
Jewellery
 k - an amulet of the acrobat (around neck)
 A - a +6 ring of dexterity (left hand)
 O - a ring of willpower (right hand)
Wands
 L - a wand of enslavement (7)
Scrolls
 a - 3 scrolls of enchant weapon {unknown}
 c - 6 scrolls of teleportation {unknown}
 e - 3 scrolls of remove curse {unknown}
 g - 3 scrolls of magic mapping {unknown}
 h - 10 scrolls of identify {unknown}
 i - a scroll of torment {unknown}
 r - a scroll of fog {unknown}
 s - 2 scrolls of amnesia {unknown}
 v - 4 scrolls of enchant armour {unknown}
 x - a scroll of random uselessness {unknown}
 C - 2 scrolls of silence {unknown}
 G - a scroll of noise {unknown}
 H - a scroll of fear {unknown}
 K - a scroll of immolation {unknown}
 M - a scroll of holy word {unknown}
 N - a scroll of blinking {unknown}
Potions
 b - 4 potions of might {unknown}
 f - 2 potions of mutation {unknown}
 o - 2 potions of curing {unknown}
 q - a potion of attraction {unknown}
 t - 2 potions of resistance {unknown}
 u - 7 potions of heal wounds {unknown}
 w - a potion of magic {unknown}
 z - 2 potions of haste {unknown}
 B - a potion of lignification {unknown}
 D - 2 potions of invisibility {unknown}
 F - 2 potions of berserk rage {unknown}
 I - 2 potions of flight {unknown}
 J - a potion of degeneration {unknown}


   Skills:
 + Level 7.1 Fighting
 * Level 8.7 Axes
 + Level 6.1 Armour
 - Level 2.2 Dodging
 + Level 5.5 Shields


You had 8 spell levels left.
You didn't know any spells.
Your spell library was empty.

Dungeon Overview and Level Annotations

Branches:
Dungeon (8/15)             Temple (0/1) D:5         Ossuary (visited)
   Lair: D:8-11

Altars:
Ashenzari
Dithmenos
Elyvilon
Fedhas
Gozag
Okawaru
Qazlal
Sif Muna
Uskayaw
Vehumet
Xom
The Shining One

Shops:
D:6 }

Annotations:
D:5 3 runed translucent doors, Borgoz's ghost, novice GrGl
D:8 2 transporters, Gastronok


Innate Abilities, Weirdness & Mutations

You have a pair of small horns on your head.
You have a somewhat thin skeletal structure. (Dex +2, Stealth)


Message History

Things that are here:
a +0 war axe of freezing; an orc corpse You sock Gastronok!
Gastronok is poisoned.
Gastronok is lightly wounded.
Gastronok bites you but does no damage.
You thump Gastronok!
Gastronok looks as sick as possible!
Gastronok is lightly wounded.
You are no longer berserk.
You are exhausted.
You feel yourself slow down.
You sock Gastronok!
Gastronok looks as sick as possible!
You headbutt Gastronok, but do no damage.
Gastronok is lightly wounded.
Gastronok waves his eye-stalks in wide circles.
The air twists around and strikes you!
* * * LOW HITPOINT WARNING * * *
You hit Gastronok.
Gastronok looks as sick as possible!
You headbutt Gastronok.
Gastronok is moderately wounded.
Gastronok bites you!!
You die...

······ ▒▒▒▒▒▒
▒····· ▒
▒·▒▒▒▒ ▒·▒
···▒ ▒▒▒▒
····· ▒···
▒▒▒▒▒▒▒▒······
▒·▒▒
▒····)@w······
▒·▒▒▒▒▒▒······
▒·▒ ▒·▒ ·····
▒·▒ ▒·▒ ·▒▒▒
▒(▒ ▒·▒ ▒ ▒·▒(
▒·▒ ▒·▒· ▒·▒
▒[▒ ▒·▒ ▒·▒
▒·▒ ▒▒·▒▒


You could see Gastronok (swift, extremely poisoned).

Vanquished Creatures
  A two-headed ogre (D:8)
  A soldier ant (D:8)
  3 orc warriors
  An ice beast (D:6)
  A sky beast (D:6)
  A phantom (D:5)
  3 ogres
  A centaur (D:5)
  A bullfrog (D:8)
  7 scorpions
  A howler monkey (D:4)
  2 centaur zombies
  5 hounds
  4 jellies
  9 orc priests
  A bullfrog skeleton (D:7)
  2 human zombies (Ossuary)
  Crazy Yiuf (D:2)
  3 iguanas
  11 orc wizards
  4 worker ants
  A killer bee zombie (D:7)
  A big kobold zombie (Ossuary)
  3 hound zombies
  3 mummies (Ossuary)
  2 hound skeletons
  5 scorpion zombies (Ossuary)
  4 gnolls (D:7)
  A howler monkey skeleton (D:5)
  6 adders
  A shadow imp (D:5)
  3 ufetubi (D:8)
  2 adder skeletons
  2 worms
  A dart slug (D:2)
  6 leopard geckos
  41 orcs
  7 bats
  4 giant cockroaches
  8 goblins
  7 hobgoblins
  18 jackals
  2 quokkas
  9 frilled lizards
  A giant cockroach zombie (D:6)
  2 goblin zombies (Ossuary)
  A hobgoblin zombie (Ossuary)
  7 kobolds
  5 kobold zombies (Ossuary)
  5 rats
221 creatures vanquished.

Vanquished Creatures (others)
  18 fungi (D:5)
18 creatures vanquished.

Grand Total: 239 creatures vanquished

Notes
Turn   | Place    | Note
-------+----------+-------------------------------------------
     0 | D:1      | Azzok the Demonspawn Berserker began the quest for the Orb.
     0 | D:1      | Reached XP level 1. HP: 18/18 MP: 1/1
   208 | D:1      | Gained mutation: You have a pair of small horns on your
                  | head. [demonic ancestry]
   208 | D:1      | Reached XP level 2. HP: 22/24 MP: 2/2
   523 | D:1      | Reached ** piety under Trog
   612 | D:1      | Reached skill level 3 in Axes
   690 | D:1      | Reached XP level 3. HP: 23/29 MP: 3/3
  1356 | D:2      | Found an opulent altar of Gozag.
  1572 | D:2      | Found a shadowy altar of Dithmenos.
  1829 | D:2      | Found a shimmering altar of Xom.
  1870 | D:2      | Found a runed translucent door.
  1871 | D:2      | Noticed Crazy Yiuf
  1958 | D:2      | Reached XP level 4. HP: 35/35 MP: 4/4
  2119 | D:2      | Killed Crazy Yiuf
  2510 | D:3      | Reached skill level 1 in Shields
  2552 | D:3      | Reached XP level 5. HP: 40/42 MP: 5/5
  2986 | D:3      | Found a blossoming altar of Fedhas.
  2989 | D:3      | Reached *** piety under Trog
  3015 | D:3      | Reached skill level 4 in Axes
  3208 | D:3      | Noticed an ogre
  3216 | D:3      | Killed an ogre
  3217 | D:3      | Reached XP level 6. HP: 48/48 MP: 6/6
  3380 | D:3      | Found a hide-covered altar of Uskayaw.
  3987 | D:4      | Found an iron altar of Okawaru.
  4283 | D:4      | Found a white marble altar of Elyvilon.
  4303 | D:4      | Gained mutation: You have a somewhat thin skeletal
                  | structure. (Dex +2, Stealth) [demonic ancestry]
  4303 | D:4      | Reached XP level 7. HP: 45/55 MP: 7/7
  4500 | D:5      | Entered Level 5 of the Dungeon
  4596 | D:5      | Found a runed translucent gate.
  4596 | D:5      | Found a runed translucent gate.
  4596 | D:5      | Found a runed translucent gate.
  4688 | D:5      | Reached skill level 5 in Axes
  4758 | D:5      | Found a staircase to the Ecumenical Temple.
  5074 | D:5      | Reached skill level 5 in Fighting
  5275 | D:5      | Noticed Borgoz's ghost (novice GrGl)
  5333 | D:5      | Reached **** piety under Trog
  5498 | D:5      | Reached XP level 8. HP: 25/62 MP: 8/8
  6038 | D:6      | Found Vaur's Gadget Shop.
  6142 | D:6      | Found a sand-covered staircase.
  6247 | Ossuary  | Entered an ossuary
  6306 | Ossuary  | Reached skill level 6 in Axes
  7018 | D:6      | Found a stormy altar of Qazlal.
  7411 | D:6      | Reached skill level 7 in Axes
  7512 | D:6      | Found a glowing golden altar of the Shining One.
  7528 | D:6      | Found a radiant altar of Vehumet.
  7556 | D:6      | Reached skill level 5 in Armour
  7558 | D:6      | Found a broken altar of Ashenzari.
  7592 | D:6      | Found a shimmering blue altar of Sif Muna.
  8103 | D:7      | Reached XP level 9. HP: 68/69 MP: 9/9
  8273 | D:7      | Reached ***** piety under Trog
  8908 | D:8      | Noticed a centaur warrior
  8909 | D:8      | Found a transporter.
  8909 | D:8      | Noticed a deep elf archer
  8917 | D:8      | Noticed a centaur warrior
  9187 | D:8      | Found a transporter.
  9190 | D:8      | Noticed a two-headed ogre
  9202 | D:8      | Killed a two-headed ogre
  9203 | D:8      | Reached skill level 8 in Axes
  9203 | D:8      | Reached skill level 5 in Shields
  9650 | D:8      | Noticed Gastronok
  9677 | D:8      | Mangled by Gastronok

Illustrated notes

Levels and vault maps discovered:
D:1:      lemuel_arrival_broad_hall, layout_basic
D:2:      layout_loops_cross, lemuel_doored_altar,
          grunt_dithmenos_smoke_and_mirrors, marbit_many_paths,
          uniq_crazy_yiuf_cottage
D:3:      layout_basic, lemuel_round_altar, general_overflow_altar,
          serial_bayou_pond_a
D:4:      layout_basic, lemuel_crystal_altar, kennysheep_little_box
D:5:      layout_loops_ring, minmay_temple_entry_glass, serial_aquarium,
          aquarium_bridge_square [aquarium_subvault_bridge,
          aquarium_subvault_balcony, aquarium_subvault_wall,
          aquarium_subvault_bridge], aquarium_bridge_long_joined
          [aquarium_subvault_window, aquarium_subvault_bridge,
          aquarium_subvault_bridge, aquarium_subvault_bridge,
          aquarium_subvault_window, aquarium_subvault_balcony],
          aquarium_window_corner, aquarium_window_fake, aquarium_view_2b,
          aquarium_view_2e, aquarium_pool_S, gammafunk_ghost_icy
D:6:      layout_basic, lemuel_coloured_pillars_altar,
          nicolae_overflow_quartered_altars, serial_shops, shop, enter_ossuary_1
D:7:      layout_loops_cross, chequers_avenue
D:8:      gammafunk_sealed_arena, layout_loops_ring, uniq_gastronok

Skill      XL: |  1  2  3  4  5  6  7  8  9 |
---------------+----------------------------+-----
Dodging        | 2 |  2.2
Armour         | 2 3 4 5 6 |  6.1
Axes           | 3 4 5 7 8 |  8.7
Shields        | 1 2 3 4 5 |  5.5
Fighting       | 4 5 6 7 |  7.1

Action                   |  1- 3 |  4- 6 |  7- 9 || total
-------------------------+-------+-------+-------++-------
Melee: Hand axe          |   150 |     8 |       ||   158
       Headbutt          |    16 |    15 |   108 ||   139
       Quarterstaff      |       |    69 |       ||    69
       Flail             |       |    41 |   411 ||   452
Invok: Berserk           |     1 |     3 |     2 ||     6
       Trog's Hand       |       |       |     1 ||     1
 Stab: Sleeping          |     1 |       |       ||     1
Armor: Animal skin       |    22 |       |       ||    22
       Chain mail        |    41 |    57 |   195 ||   293
       Plate armour      |       |       |     6 ||     6
Dodge: Dodged            |   108 |    70 |   164 ||   342
Block: Kite shield       |       |       |   162 ||   162
